 Dungeon Crawl Stone Soup version 0.32-a0-720-g1d96ad090f (webtiles) character file.

Game seed: 13640278913228587021

41596 Bamboolord the Fighter (level 14, -5/154 HPs)
             Began as an Oni Gladiator on Mar 16, 2024.
             Was the Champion of Okawaru.
             Killed from afar by a will-o-the-wisp (8 damage)
             ... with a foxfire
             ... on level 5 of the Lair of Beasts.
             The game lasted 00:44:57 (21604 turns).

Bamboolord the Fighter (Oni Gladiator)             Turns: 21604, Time: 00:44:57

Health: -5/154     AC:  7    Str: 26    XL:     14   Next: 16%
Magic:  0/24       EV: 17    Int: 20    God:    Okawaru [******]
Gold:   652        SH:  0    Dex: 10    Spells: 18/27 levels left

rFire   + . .        x - +7 executioner's axe of Okawaru's Hatred {speed, Int+3}
rCold   + + +        (shield currently unavailable)
rNeg    . . .        e - +2 robe {rC+}
rPois   +            q - +2 hat "Racsacsy" {rC+ Str+3 Stlth+}
rElec   +            y - scarf {repulsion}
rCorr   +            (gloves unavailable)
SInv    .            (boots unavailable)
Will    +....        K - amulet of guardian spirit
Stlth   ++           H - +5 ring of evasion
HPRegen 0.45/turn    o - +6 ring of intelligence
MPRegen 0.19/turn

%: repel missiles, guardian spirit
@: resistant
A: large, unfitting armour, horns 1, tough skin 1, double potion healing,
drunken brawling
a: Renounce Religion, Heroism, Finesse, Duel


You were on level 5 of the Lair of Beasts.
You worshipped Okawaru.
Okawaru was exalted by your worship.
You visited 3 branches of the dungeon, and saw 17 of its levels.
You also visited: Sewer and Volcano.

You collected 1078 gold pieces.
You spent 426 gold pieces at shops.

Inventory:

Hand Weapons
 a - a +2 broad axe of flaming
 b - a +0 spectral broad axe
 x - the +7 executioner's axe of Okawaru's Hatred (weapon) {speed, Int+3}
   (Okawaru gifted it to you on level 4 of the Lair of Beasts)

   Int+3:     It affects your intelligence (+3).
Missiles
 d - 4 throwing nets
 k - 13 large rocks
 l - 2 silver javelins
 r - 10 boomerangs
 V - 6 javelins
Armour
 e - a +2 robe of cold resistance (worn)
 q - the +2 hat "Racsacsy" (worn) {rC+ Str+3 Stlth+}
   (Okawaru gifted it to you on level 4 of the Lair of Beasts)

   Str+3:     It affects your strength (+3).
   rC+:       It protects you from cold.
   Stlth+:    It makes you more stealthy.
 y - a scarf of repulsion (worn)
 C - a +0 robe of positive energy
Jewellery
 c - a ring of poison resistance
 o - a +6 ring of intelligence (right hand)
 s - a ring of magical power
 H - a +5 ring of evasion (left hand)
 K - an amulet of guardian spirit (around neck)
 P - a ring of ice
 X - a ring of positive energy
 Z - a ring of flight
Wands
 i - a wand of polymorph (3)
 G - a wand of flame (17)
 J - a wand of light (18)
 S - a wand of mindburst (2)
Scrolls
 h - 4 scrolls of poison
 j - 4 scrolls of immolation
 p - 7 scrolls of teleportation
 t - 3 scrolls of amnesia
 u - a scroll of noise
 A - 4 scrolls of enchant armour
 E - a scroll of vulnerability
 I - 2 scrolls of revelation
 M - 2 scrolls of fear
 R - a scroll of silence {unknown}
 W - 2 scrolls of fog
Potions
 f - 4 potions of haste
 g - 3 potions of lignification
 m - 3 potions of attraction
 n - a potion of berserk rage
 v - 2 potions of resistance
 z - a potion of might
 B - 3 potions of mutation
 D - a potion of cancellation {unknown}
 F - a potion of invisibility {unknown}
 L - a potion of degeneration {unknown}
 N - a potion of ambrosia {unknown}
 Y - 3 potions of brilliance
Miscellaneous
 U - a lightning rod (1/4)


   Skills:
 * Level 13.9 Fighting
 * Level 11.1 Axes
 + Level 8.7 Throwing
 * Level 10.8 Dodging
 + Level 7.2 Spellcasting
 + Level 6.1 Translocations
 + Level 6.1 Air Magic
 + Level 7.8 Invocations


You had 18 spell levels left.
You knew the following spells:

 Your Spells              Type           Power      Damage    Failure   Level
a - Vhi's Electric Charg  Tloc/Air       62%        N/A       8%          4
b - Apportation           Tloc           62%        N/A       1%          1
c - Airstrike             Air            15%        2d(3-19)  8%          4

Your spell library contained the following spells:

 Spells                   Type           Power      Damage    Failure   Level
 Static Discharge         Conj/Air       38%        3-5/arc   4%          2
 Necrotise                Necr           28%        1d5       10%         1
 Jinxbite                 Hex            14%        N/A       14%         2
 Dimensional Bullseye     Hex/Tloc       9%         N/A       26%         4
 Iskenderun's Mystic Bla  Conj/Tloc      19%        2d6       26%         4
 Vampiric Draining        Necr           7%         2d6       28%         3
 Arcjolt                  Conj/Air       9%         1d19      58%         5
 Alistair's Intoxication  Alch           4%         N/A       95%         5
 Borgnjor's Vile Clutch   Necr/Erth      3%         N/A       95%         5
 Curse of Agony           Necr           7%         N/A       95%         5
 Iskenderun's Battlesphe  Conj           7%         2d6       95%         5
 Bombard                  Conj/Erth      3%         9d1       100%        6
 Maxwell's Capacitive Co  Air            15%        ∞         100%        8
 Summon Lightning Spire   Summ/Air       Unusable   N/A       N/A         4
 Tukima's Dance           Hex            Unusable   N/A       N/A         3
 Summon Forest            Summ/Tloc      Unusable   N/A       N/A         5
 Animate Dead             Necr           Unusable   N/A       N/A         4
 Martyr's Knell           Necr/Summ      Unusable   N/A       N/A         4
 Summon Mana Viper        Hex/Summ       Unusable   N/A       N/A         5
 Death Channel            Necr           Unusable   N/A       N/A         6
 Summon Cactus Giant      Summ           Unusable   N/A       N/A         6
 Spellforged Servitor     Conj/Summ      Unusable   N/A       N/A         7

Dungeon Overview and Level Annotations

Branches:
Dungeon (11/15)            Temple (1/1) D:5            Lair (5/5) D:11
 Shoals (0/4) Lair:2       Spider (0/4) Lair:3          Orc (0/2) D:10
  Sewer (visited)         Volcano (visited)
  Slime: Lair:4-5

Altars:
Ashenzari
Cheibriados
Dithmenos
Elyvilon
Fedhas
Gozag
Hepliaklqana
Kikubaaqudgha
Makhleb
Nemelex Xobeh
Okawaru
Qazlal
Ru
Sif Muna
Trog
Uskayaw
Vehumet
Wu Jian
Xom
Yredelemnul
Zin
The Shining One

Shops:
D:2 (   D:7 (   D:8 ?*(![

Annotations:
D:11 2 transporters, hattey's ghost, journeyman HuWn
Lair:1 3 runed translucent doors, YordlordTheGreat's ghost, journeyman MfSu


Innate Abilities, Weirdness & Mutations

You are too large for most types of armour.
You have a pair of small horns on your head.
You have tough skin. (AC +1)
You gain doubled healing and magic from potions.
Whenever you drink a healing potion, you attack all around you.


Message History

* * * LOW HITPOINT WARNING * * *
The will-o-the-wisp gestures.
The will-o-the-wisp conjures some marshlight! 2 foxfires come into view.
Unknown command.
Unknown command.
You take a swig of the potion and twirl the +7 executioner's axe of Okawaru's Hatred {speed, Int+3}.
You slice the will-o-the-wisp!!
The will-o-the-wisp is heavily damaged.
You slash the plant! You headbutt the plant.
The plant is moderately damaged.
You slice the foxfire!!
The foxfire is lightly damaged.
Magic courses through your body. The foxfire hits you! You resist.
* * * LOW HITPOINT WARNING * * *
The will-o-the-wisp misses you.
Unknown command.
Aiming: Vhi's Electric Charge (mildly dangerous; 8% risk of failure)
Press: ? - help, Q - select action, (/) - cycle Shift-Dir - straight line, f - foxfire, p - will-o-the-wisp
Aim: a foxfire (wisps of flame, 82% to hit)
You charge forward with an electric crackle!
You carve the foxfire like a ham and electrocute it!!!
The foxfire is moderately damaged.
You slice the plant!! The foxfire hits you! You resist.
* * * LOW HITPOINT WARNING * * *
The will-o-the-wisp gestures.
The will-o-the-wisp conjures some marshlight! 2 foxfires come into view.
Aiming: Vhi's Electric Charge (mildly dangerous; 8% risk of failure)
Press: ? - help, Q - select action, (/) - cycle Shift-Dir - straight line, f - will-o-the-wisp
Aim: a will-o-the-wisp (heavily damaged, 82% to hit)
You charge forward with an electric crackle!
You slash the will-o-the-wisp!
The will-o-the-wisp is severely damaged.
You closely miss the foxfire. The foxfire hits you! You resist.
* * * LOW HITPOINT WARNING * * *
The foxfire hits you! You resist.
You die...

#...##.##...PPPPPP
..##...#..#.##.PPPPP.
..................PPPP.
..............§........
............P..........
...........P.$P........
.###.!.....PP.§.##.....
#......PP..§## ....
#..P.PP...@.# ..#
#..PPPPP.vv#.#
PP.....§..# .PP..##..#
.P..# #..# ...# #.+.
... #... .. ##.##


You could see a will-o-the-wisp.

Vanquished Creatures
  Josephine (D:10)
  Fannar (D:10)
  2 hydras
  3 boulder beetles
  4 two-headed ogres
  A hell knight (Volcano)
  Urug (Lair:1)
  A skyshark (Lair:3)
  An obsidian statue (Volcano)
  Pikel (D:7)
  A cyclops (D:11)
  2 ugly things (Volcano)
  A meliai (Lair:3)
  6 black mambas
  A smoke demon (Volcano)
  9 cane toads
  A rime drake (Lair:5)
  Jeremiah (Lair:1)
  3 komodo dragons
  2 polar bears (Lair:4)
  A red devil (Volcano)
  A troll (D:10)
  A hornet (D:10)
  16 blink frogs
  7 dream sheep (Lair:4)
  A shadow (D:9)
  6 wyverns
  A vampire (D:10)
  5 wraiths
  6 fire bats (Volcano)
  50 yaks
  2 steam dragons
  6 vampire mosquitoes
  4 basilisks
  2 acid dragons
  2 hell hounds (Volcano)
  16 water moccasins
  Pargi (Sewer)
  6 orc warriors
  3 ice beasts
  A sky beast (D:7)
  3 black bears
  An ogre (D:4)
  12 wolves
  3 centaurs
  2 phantoms
  A kobold brigand (D:7)
  9 bullfrogs
  4 scorpions
  2 brain worms (Sewer)
  4 wights
  6 killer bees
  6 electric eels (Lair:3)
  6 howler monkeys
  5 lava snakes (Volcano)
  5 bombardier beetles
  2 hounds
  3 jellies
  4 orc priests
  2 gnoll boudas
  4 iguanas
  13 orc wizards
  A sleepcap (D:6)
  2 hell rats (Lair:2)
  16 gnolls
  7 river rats (Lair:2)
  14 adders
  2 shadow imps (D:7)
  3 white imps
  2 ufetubi (D:5)
  2 dart slugs
  2 ribbon worms
  The ghost of GordonOverkill the Sneak, a weakling DEDe (D:3)
  39 orcs
  7 endoplasms
  A giant cockroach (D:4)
  4 goblins
  9 hobgoblins
  4 jackals (D:3)
  12 kobolds
  3 quokkas
  10 ball pythons
  2 bats
  5 frilled lizards
  7 rats
  A butterfly (Lair:5)
434 creatures vanquished.

Vanquished Creatures (others)
  A killer bee (Lair:3)
  An orc wizard (D:9)
  15 foxfires (Lair:5)
  5 spectral weapons
22 creatures vanquished.

Grand Total: 456 creatures vanquished

Notes
Turn   | Place    | Note
-------+----------+-------------------------------------------
     0 | D:1      | Bamboolord the Oni Gladiator began the quest for the Orb.
     0 | D:1      | Reached XP level 1. HP: 22/22 MP: 1/1
   187 | D:1      | You fall into a shaft and drop 1 floor!
   189 | D:2      | Found Wurghif's Weapon Shop.
   276 | D:2      | Reached XP level 2. HP: 26/29 MP: 2/2
   288 | D:2      | Reached skill level 3 in Fighting
   296 | D:2      | Reached XP level 3. HP: 10/37 MP: 3/3
   560 | D:2      | Reached XP level 4. HP: 45/45 MP: 4/4
   860 | D:2      | Reached XP level 5. HP: 52/54 MP: 5/5
  1788 | D:3      | Found a glowing drain.
  1806 | D:3      | Reached skill level 4 in Fighting
  1815 | Sewer    | Entered a sewer
  1844 | Sewer    | Noticed Pargi
  1850 | Sewer    | Killed Pargi
  1851 | Sewer    | Reached XP level 6. HP: 33/63 MP: 6/6
  2151 | D:3      | Noticed GordonOverkill's ghost (weakling DEDe)
  2167 | D:3      | Found a runed translucent door.
  2630 | D:3      | Reached XP level 7. HP: 69/71 MP: 7/7
  2957 | D:3      | Killed GordonOverkill's ghost
  3006 | D:4      | Reached skill level 5 in Fighting
  3006 | D:4      | Reached skill level 5 in Dodging
  3647 | D:4      | Reached XP level 8. HP: 65/83 MP: 8/8
  3948 | D:4      | Reached skill level 5 in Axes
  3981 | D:4      | Reached skill level 6 in Fighting
  4173 | D:5      | Entered Level 5 of the Dungeon
  4249 | D:5      | Found a staircase to the Ecumenical Temple.
  4269 | Temple   | Entered the Ecumenical Temple
  4278 | Temple   | Became a worshipper of Warmaster Okawaru
  4284 | Temple   | Learned a level 4 spell: Vhi's Electric Charge
  4286 | Temple   | Learned a level 1 spell: Apportation
  4508 | D:5      | Reached skill level 1 in Spellcasting
  4605 | D:5      | Found a bloodstained altar of Trog.
  4605 | D:5      | Found a sacrificial altar of Ru.
  4692 | D:5      | Reached skill level 1 in Air Magic
  4705 | D:5      | Reached * piety under Okawaru
  4706 | D:5      | Reached skill level 5 in Throwing
  4706 | D:5      | Reached skill level 1 in Translocations
  4855 | D:5      | Reached XP level 9. HP: 75/92 MP: 9/11
  4960 | D:5      | Found an ornate altar of the Wu Jian Council.
  5009 | D:5      | Reached skill level 7 in Fighting
  5239 | D:6      | Reached skill level 1 in Invocations
  5485 | D:5      | Reached ** piety under Okawaru
  5757 | D:6      | Reached skill level 8 in Fighting
  6575 | D:7      | Noticed Pikel
  6587 | D:7      | Reached XP level 10. HP: 101/105 MP: 14/14
  6594 | D:7      | Killed Pikel
  6594 | D:7      | Reached *** piety under Okawaru
  6655 | D:7      | Found a burning altar of Makhleb.
  6655 | D:7      | Found a glowing silver altar of Zin.
  6991 | D:7      | Found Vyn Momotai's Weapon Emporium.
  7473 | D:8      | Found Goegh's Magic Scroll Boutique.
  7488 | D:8      | Bought a scroll of revelation for 90 gold pieces
  7488 | D:8      | Bought a scroll of teleportation for 36 gold pieces
  7488 | D:8      | Bought a scroll of revelation for 90 gold pieces
  7488 | D:8      | Bought a scroll of revelation for 90 gold pieces
  7563 | D:8      | Found Befem's General Store.
  7606 | D:8      | Noticed a two-headed ogre
  7613 | D:8      | Killed a two-headed ogre
  7614 | D:8      | Reached skill level 9 in Fighting
  7883 | D:8      | Reached **** piety under Okawaru
  8221 | D:8      | Found Cunoech's Distillery.
  8224 | D:8      | Found Gelonipt's Antique Weapon Shoppe.
  8248 | D:8      | Bought a potion of curing for 30 gold pieces
  8248 | D:8      | Bought a potion of heal wounds for 50 gold pieces
  8248 | D:8      | Bought a potion of might for 40 gold pieces
  8255 | D:8      | Found Nud Mixa's Armour Emporium.
  8639 | D:9      | Found a shimmering altar of Xom.
  8652 | D:9      | Noticed a two-headed ogre
  8664 | D:9      | Killed a two-headed ogre
  8687 | D:9      | Reached XP level 11. HP: 23/117 MP: 4/17
  9256 | D:10     | Entered Level 10 of the Dungeon
  9346 | D:10     | Found a staircase to the Orcish Mines.
  9554 | D:10     | Noticed a two-headed ogre
  9560 | D:10     | Reached skill level 10 in Fighting
  9568 | D:10     | Noticed a boulder beetle
 10098 | D:10     | Reached ***** piety under Okawaru
 10342 | D:10     | Found a blossoming altar of Fedhas.
 10951 | D:10     | Killed a two-headed ogre
 10952 | D:10     | Reached skill level 5 in Invocations
 11123 | D:10     | Noticed Josephine
 11124 | D:10     | Noticed Fannar
 11194 | D:10     | Found a stormy altar of Qazlal.
 11434 | D:10     | Paralysed by a hornet for 1 turns
 11695 | D:9      | Received a gift from Okawaru
 11733 | D:10     | Killed Josephine
 11734 | D:10     | Reached skill level 5 in Spellcasting
 11855 | D:10     | Killed a boulder beetle
 11856 | D:10     | Reached skill level 11 in Fighting
 11856 | D:10     | Reached XP level 12. HP: 45/130 MP: 4/19
 12024 | D:10     | Killed Fannar
 12549 | D:11     | Noticed a boulder beetle
 12564 | D:11     | Killed a boulder beetle
 12621 | D:11     | Noticed hattey's ghost (journeyman HuWn)
 12628 | D:11     | Found a transporter.
 13033 | D:11     | Found a transporter.
 13040 | D:11     | Noticed a catoblepas
 13075 | D:11     | Noticed a two-headed ogre
 13079 | D:11     | Killed a two-headed ogre
 13254 | D:11     | Found a staircase to the Lair.
 13474 | D:11     | Found an opulent altar of Gozag.
 14080 | Lair:1   | Entered Level 1 of the Lair of Beasts
 14080 | Lair:1   | Noticed a boulder beetle
 14140 | Lair:1   | Found a runed translucent gate.
 14140 | Lair:1   | Found a runed translucent gate.
 14140 | Lair:1   | Found a runed translucent gate.
 14141 | Lair:1   | Noticed a minotaur
 14154 | Lair:1   | Received a gift from Okawaru
 14539 | Lair:1   | Noticed Jeremiah
 14564 | Lair:1   | Killed Jeremiah
 14765 | Lair:1   | Noticed Urug
 14772 | Lair:1   | Killed Urug
 14773 | Lair:1   | Reached skill level 12 in Fighting
 14773 | Lair:1   | Reached skill level 5 in Translocations
 14949 | Lair:1   | Noticed YordlordTheGreat's ghost (journeyman MfSu)
 15279 | Lair:2   | Noticed a boulder beetle
 15282 | Lair:2   | Received a gift from Okawaru
 15283 | Lair:2   | Reached skill level 5 in Air Magic
 15297 | Lair:2   | Killed a boulder beetle
 15601 | Lair:2   | Found a staircase to the Shoals.
 15713 | Lair:2   | Reached XP level 13. HP: 141/141 MP: 17/22
 15800 | Lair:2   | Reached skill level 10 in Axes
 16477 | Lair:2   | Reached skill level 10 in Dodging
 17258 | Lair:3   | Found a hole to the Spider Nest.
 18282 | Lair:3   | Received a gift from Okawaru
 18552 | Lair:3   | Reached skill level 13 in Fighting
 19554 | Lair:4   | Found a dark tunnel.
 19562 | Volcano  | Entered a volcano
 20051 | Volcano  | Learned a level 4 spell: Airstrike
 20090 | Volcano  | Received a gift from Okawaru
 20103 | Volcano  | HP: 4/144 [red ugly thing (20)]
 20439 | Volcano  | Found a bloodstained altar of Trog.
 20466 | Volcano  | Found a bloodstained altar of Trog.
 20604 | Lair:4   | Reached ****** piety under Okawaru
 20604 | Lair:4   | Received a gift from Okawaru
 20606 | Lair:4   | Reached XP level 14. HP: 72/154 MP: 0/24
 20615 | Lair:4   | Acquired the +7 executioner's axe of Okawaru's Hatred
                  | {speed, Int+3}
 20615 | Lair:4   | Received a gift from Okawaru
 20828 | Lair:4   | Acquired the +2 hat "Racsacsy" {rC+ Str+3 Stlth+}
 20828 | Lair:4   | Received a gift from Okawaru
 21394 | Lair:5   | Entered Level 5 of the Lair of Beasts
 21604 | Lair:5   | HP: 3/154 [will-o-the-wisp/foxfire (7)]
 21604 | Lair:5   | Killed from afar by a will-o-the-wisp

Illustrated notes

Levels and vault maps discovered:
D:1:      psy_arrival_fountain, layout_basic, dreamdust_princess_bridge,
          serial_bayou_pond_d
D:2:      layout_basic, serial_shops, shop, grunt_decor_mini_mirrors,
          minmay_snake_closets
D:3:      layout_basic, hellmonk_ghost_happy_afterlife, portal_sewer_entry_d
D:4:      layout_loops_cross
D:5:      layout_gridville, kennysheep_mini_moat,
          gammafunk_temple_overflow_wave, minmay_temple_entry_offerings,
          minmay_increasing_density
D:6:      layout_gridville
D:7:      layout_rooms, grunt_temple_overflow_order_and_chaos_2, serial_shops,
          nicolae_shop_bloodbath_and_beyond, amcnicky_mini_corridor_feature,
          kennysheep_big_empty_room, st_stairs_12, minivault_27, uniq_pikel
D:8:      layout_cave_pods, serial_shops, nicolae_shop_scrapyard,
          nicolae_shop_rolling_square, nicolae_shop_advertising_works
          [nicolae_subvault_shop_adworks], shop_coins,
          nicolae_shop_pleasant_corner_grove
D:9:      layout_basic, xom_butterflies
D:10:     layout_basic, amcnicky_altar_gilded, lemuel_round_altar, david_orc_2,
          minmay_misc_feat_cross, grunt_decor_junction, grunt_potential,
          uniq_fannar, uniq_josephine
D:11:     layout_roguey, minmay_lair_entry_grove,
          gammafunk_ghost_berserking_beasts, nicolae_gozag_seed_capital
Temple:   nicolae_temple_ecumenical_triangle
Lair:1:   layout_chaotic_city, maelrawn_ghost_gauntlet_escape,
          chequers_serial_rivers_micro_a, uniq_urug, uniq_jeremiah
Lair:2:   layout_chaotic_city, shoals_dummy_entry, serial_forest,
          infiniplex_forest_clump_double, infiniplex_forest_3_way,
          infiniplex_forest_clump_curved, infiniplex_forest_lined_1,
          infiniplex_forest_clump_diagonal, infiniplex_forest_clump_curved,
          minivault_24, kennysheep_rathole
Lair:3:   layout_regular_city, hellmonk_spider_entry_not_the_bees, serial_bayou,
          serial_bayou_pond_a, serial_bayou_lagoon_b, serial_bayou_pond_a,
          serial_bayou_lagoon_a, serial_bayou_ford_a, serial_bayou_pond_a
Lair:4:   layout_cave_shapes, lightli_volcano_entry_magma_tube,
          chequers_serial_rivers_small_b
Lair:5:   minmay_lair_end_enchanted_forest, layout_regular_city,
          minmay_slime_entry_pillars, serial_forest, infiniplex_forest_zigzag_2,
          infiniplex_forest_clump_curved, infiniplex_forest_join,
          infiniplex_forest_end_2, infiniplex_forest_join,
          infiniplex_forest_side_room, infiniplex_forest_corner_1, basic_altar,
          pond, lemuel_fruit_fields

Skill      XL: |  1  2  3  4  5  6  7  8  9 10 11 12 13 14 |
---------------+-------------------------------------------+-----
Fighting       | 3 4 5 6 8 9 11 12 13 | 13.9
Dodging        | 3 4 5 6 7 8 9 10 | 10.8
Throwing       | 3 4 5 6 7 8 |  8.7
Axes           | 4 5 6 7 8 9 10 11 | 11.1
Spellcasting   | 1 2 4 5 6 7 |  7.2
Air Magic      | 1 2 3 4 5 6 |  6.1
Translocations | 1 2 3 4 5 6 |  6.1
Invocations    | 2 4 5 6 7 |  7.8

Action                     |  1- 3 |  4- 6 |  7- 9 | 10-12 | 13-15 || total
---------------------------+-------+-------+-------+-------+-------++-------
  Melee: War axe           |    40 |   143 |   272 |   192 |     3 ||   650
         Headbutt          |     5 |    17 |    44 |   122 |    62 ||   250
         Broad axe         |       |       |       |   389 |   228 ||   617
         Executioner's axe |       |       |       |       |    32 ||    32
  Throw: Boomerang         |       |       |       |    14 |       ||    14
         Large rock        |       |       |       |    13 |       ||    13
         Throwing net      |       |       |       |     1 |       ||     1
   Cast: Vhi's Electric Ch |       |       |       |    32 |    57 ||    89
 Invoke: Heroism           |       |       |       |     3 |     2 ||     5
         Receive Weapon    |       |       |       |       |     1 ||     1
         Receive Armour    |       |       |       |       |     1 ||     1
  Evoke: Wand              |       |       |       |     2 |       ||     2
         Lightning rod     |       |       |       |       |     4 ||     4
    Use: Potion            |     1 |     2 |     1 |     9 |    11 ||    24
         Scroll            |       |     6 |       |     5 |    19 ||    30
   Stab: Sleeping          |       |     4 |     1 |       |       ||     5
         Invisible         |       |       |       |     4 |       ||     4
         Distracted        |       |       |       |     4 |     3 ||     7
 Armour: Robe              |    26 |   127 |   178 |   359 |   222 ||   912
  Dodge: Dodged            |    27 |    97 |   222 |   536 |   253 ||  1135
         Repelled          |       |       |     5 |     8 |    12 ||    25

Table legend: (Time is in decaauts)
 A = Elapsed time spent in this place.
 B = Non-inter-level travel time spent in this place.
 C = Inter-level travel time spent in this place.
 D = Time resting spent in this place.
 E = Time spent auto-exploring this place.
 F = Levels seen in this place.
 G = Mean time per level.
                   A        B        C        D        E       F      G
               +--------+--------+--------+--------+--------+-----+--------+
         Total |  21871 |  21423 |    448 |   5677 |  11844 |  19 | 1151.1 |
       Dungeon |  13988 |  13625 |    363 |   3455 |   7473 |  11 | 1271.6 |
        Temple |     25 |     25 |      0 |      0 |      0 |   1 |   25.0 |
          Lair |   6565 |   6480 |     85 |   1440 |   4247 |   5 | 1313.0 |
         Sewer |    305 |    305 |      0 |     95 |    124 |   1 |  305.0 |
       Volcano |    986 |    986 |      0 |    687 |      0 |   1 |  986.0 |
               +--------+--------+--------+--------+--------+-----+--------+

Top non-repeatable levels by time:
    D:10: 2936 daAuts
  Lair:3: 2259 daAuts
  Lair:2: 2011 daAuts
     D:9: 1431 daAuts
     D:2: 1346 daAuts
     D:5: 1283 daAuts
    D:11: 1261 daAuts
     D:8: 1217 daAuts
     D:4: 1195 daAuts
  Lair:1: 1149 daAuts
     D:7: 991 daAuts
 Volcano: 986 daAuts
  Lair:4: 936 daAuts
     D:6: 916 daAuts
     D:3: 734 daAuts
